 Dungeon Crawl Stone Soup version 0.30-a0-297-g0ec75d9ef4 (webtiles) character file.

Game seed: 3955357058257152231

151 greasedhog the Stinger (level 5, 0/30 HPs)
             Began as a Gargoyle Venom Mage on Oct 19, 2022.
             Killed from afar by an orc wizard (6 damage)
             ... with a puff of flame
             ... on level 3 of the Dungeon.
             The game lasted 00:05:00 (2560 turns).

greasedhog the Stinger (Gargoyle Venom Mage)        Turns: 2560, Time: 00:05:00

Health: 0/30       AC:  7    Str: 11    XL:     5   Next: 33%
Magic:  0/9        EV: 11    Int: 18    God:
Gold:   109        SH:  0    Dex: 10    Spells: 4/10 levels left

rFire   . . .      SeeInvis .    c - +0 dagger
rCold   . . .      Faith    .    (no shield)
rNeg    + . .      Spirit   .    a - +0 robe
rPois   ∞          Reflect  .    (no helmet)
rElec   +          Harm     .    (no cloak)
rCorr   .          Rampage  .    (no gloves)
Will    .....                    d - +0 pair of boots
Stlth   ++........               (no amulet)
HPRegen 0.25/turn                (no ring)
MPRegen 0.11/turn                (no ring)

@: no status effects
A: sickness immunity, AC +4, negative energy resistance 1, electricity
resistance, torment resistance 1, petrification resistance
a: no special abilities


You were on level 3 of the Dungeon.
You visited 1 branch of the dungeon, and saw 3 of its levels.

You collected 109 gold pieces.

Inventory:

Hand Weapons
 c - a +0 dagger (weapon)
Armour
 a - a +0 robe (worn)
 d - a +0 pair of boots (worn)
Scrolls
 e - a scroll of identify
Potions
 b - a potion of magic
 f - 3 potions of curing {unknown}
 g - a potion of heal wounds {unknown}
 h - 2 potions of flight {unknown}


   Skills:
 + Level 1.8 Fighting
 - Level 1.5 Dodging
 - Level 2.1 Stealth
 * Level 3.1 Spellcasting
 - Level 1.0 Transmutations
 * Level 1.6 Air Magic
 * Level 4.0 Poison Magic


You had 4 spell levels left.
You knew the following spells:

 Your Spells              Type           Power      Damage    Failure   Level
a - Sting                 Tmut/Pois      44%        1d5       6%          1
b - Poisonous Vapours     Pois/Air       26%        N/A       8%          2
c - Mephitic Cloud        Conj/Pois/Air  9%         N/A       22%         3

Your spell library contained the following spells:

 Spells                   Type           Power      Damage    Failure   Level
 Olgreb's Toxic Radiance  Pois           17%        N/A       30%         4


Dungeon Overview and Level Annotations

Branches:
Dungeon (3/15)

Altars:


Innate Abilities, Weirdness & Mutations

You are immune to sickness and miasma.
Your stone body is resilient. (AC +4)
You are immune to poison.
You resist negative energy. (rN+)
You are resistant to electric shocks. (rElec)
You are resistant to unholy torment.
You are immune to petrification.


Message History

Press: ? - help, Shift-Dir - straight line Something hits you but does no damage.
Unknown command.
You hear some strange, mumbled words.
You are confused.
You bump into the rock wall.
Something hits you but does no damage.
You're too confused to move!
You hear some strange, mumbled words.
Something tries to affect you, but you resist.
You bump into the rock wall.
Something hits you but does no damage.
You're too confused to move!
Something hits you but does no damage.
You closely miss something.
You feel less confused. Something hits you.
Casting: Sting (safe; 6% risk of failure)
Confirm with . or Enter, or press ? or * to list all spells.
You can't see any susceptible monsters within range! (Use Z to cast anyway.)
Casting: Sting (safe; 6% risk of failure)
Confirm with . or Enter, or press ? or * to list all spells.
Aiming: Sting (safe; 6% risk of failure)
Press: ? - help, Shift-Dir - straight line The sting hits something.
Something hits you but does no damage.
Unknown command.
Casting: Sting (safe; 6% risk of failure)
Confirm with . or Enter, or press ? or * to list all spells.
Aiming: Sting (safe; 6% risk of failure)
Press: ? - help, Shift-Dir - straight line You hear some strange, mumbled words.
A puff of flame appears from out of thin air!
The puff of flame hits you!
* * * LOW HITPOINT WARNING * * *
Unknown command.
Casting: Sting (safe; 6% risk of failure)
Confirm with . or Enter, or press ? or * to list all spells.
You don't have enough magic to cast this spell.
You hear some strange, mumbled words.
A puff of flame appears from out of thin air!
The puff of flame hits you.
You die...

#.##.# #### ..##o#
###################.#
.............†...##)########
################.##..(.....#
#.#########.# #.# #.# #.#
#.# #@# #.# ##.#########.#
#..{.........#
############.# ###


There were no monsters in sight!

Vanquished Creatures
  2 orc priests (D:3)
  An orc wizard (D:2)
  An adder (D:2)
  2 dart slugs (D:1)
  6 orcs
  An endoplasm (D:1)
  3 giant cockroaches
  A goblin (D:2)
  8 hobgoblins
  2 jackals (D:2)
  5 quokkas
  4 ball pythons
  2 bats (D:1)
  A frilled lizard (D:1)
  6 kobolds
  A rat (D:2)
46 creatures vanquished.

Vanquished Creatures (others)
  4 plants (D:1)
4 creatures vanquished.

Grand Total: 50 creatures vanquished

Notes
Turn   | Place    | Note
-------+----------+-------------------------------------------
     0 | D:1      | greasedhog the Gargoyle Venom Mage began the quest for the
                  | Orb.
     0 | D:1      | Reached XP level 1. HP: 10/10 MP: 3/3
   135 | D:1      | Reached skill level 1 in Transmutations
   204 | D:1      | Reached XP level 2. HP: 16/16 MP: 3/5
   466 | D:1      | Learned a level 2 spell: Poisonous Vapours
   900 | D:1      | Reached skill level 1 in Fighting
   900 | D:1      | Reached XP level 3. HP: 20/20 MP: 1/6
  1382 | D:2      | Learned a level 3 spell: Mephitic Cloud
  1692 | D:2      | Reached skill level 1 in Air Magic
  1692 | D:2      | Reached XP level 4. HP: 20/25 MP: 4/8
  1955 | D:2      | Identified the +2 pair of gloves of the Iron Devil {+Inv
                  | Int+4}
  2506 | D:3      | Reached XP level 5. HP: 29/29 MP: 5/9
  2526 | D:3      | Reached skill level 4 in Poison Magic
  2560 | D:3      | Killed from afar by an orc wizard

Illustrated notes

Levels and vault maps discovered:
D:1:      matt_arrival_grand_opening, layout_basic, serial_bayou_lagoon_b
D:2:      layout_basic
D:3:      layout_basic, portal_sewer_entry_d

Skill      XL: |  1  2  3  4  5 |
---------------+----------------+-----
Transmutations | 1 |  1.0
Fighting       | 1 |  1.8
Air Magic      | 1 |  1.6
Spellcasting   | 3 |  3.1
Poison Magic   | 4 |  4.0
Dodging        | |  1.5
Stealth        | |  2.1

Action                   |  1- 3 |  4- 6 || total
-------------------------+-------+-------++-------
Melee: Unarmed           |     9 |       ||     9
       Dagger            |    25 |     6 ||    31
 Cast: Sting             |    68 |    35 ||   103
  Use: Scroll            |     2 |       ||     2
       Potion            |     1 |       ||     1
Armor: Robe              |    31 |    17 ||    48
Dodge: Dodged            |    26 |    10 ||    36

Table legend: (Time is in decaauts)
 A = Elapsed time spent in this place.
 B = Non-inter-level travel time spent in this place.
 C = Inter-level travel time spent in this place.
 D = Time resting spent in this place.
 E = Time spent auto-exploring this place.
 F = Levels seen in this place.
 G = Mean time per level.
                   A        B        C        D        E       F      G
               +--------+--------+--------+--------+--------+-----+--------+
         Total |   2574 |   2539 |     35 |    160 |   2008 |   3 |  858.0 |
       Dungeon |   2574 |   2539 |     35 |    160 |   2008 |   3 |  858.0 |
               +--------+--------+--------+--------+--------+-----+--------+

Top non-repeatable levels by time:
     D:1: 1392 daAuts
     D:2: 995 daAuts
     D:3: 186 daAuts
